Cogmind - Beta 16 @@@ ROGUE MODE // 2025.12.03 @ 08:11:55 Player: ForestDarkPsy Result: Self-destructed Performance ------------- Evolutions (2) 1000 Regions Visited (4) 800 Robots Destroyed (21) 105 Value Destroyed (568) 568 Prototype IDs (1) 20 Alien Tech Used (0) 0 Bonus (0) 0 TOTAL SCORE: 2493 Bonus ------- None Cogmind --------- Core Integrity 507/550 Matter 241/300 Energy 96/100 System Corruption 0% Temperature Cool (0) Movement Core (400) Ox7 Location -8/Materials Parts ------- > --- POWER (1) -------- (None) > --- PROPULSION (4) --- (None) > --- UTILITY (4) ------ Medium Storage Unit Structural Scanner Seismic Detector > --- WEAPON (2) ------- Subdweller Beam Cannon Makeshift Hammer > --- INVENTORY (10) --- Subdweller Monowheel High-capacity Storage Unit Seismic Detector Subdweller Laser Assault Rifle Subdweller Shrapnel Launcher Mining Laser Peak State ------------ > --- POWER ------------ Light Ion Engine > --- PROPULSION ------- Light Treads Light Treads > --- UTILITY ---------- Medium Storage Unit Structural Scanner Experimental Sensor Array Seismic Detector > --- WEAPON ----------- Subdweller Shrapnel Launcher Makeshift Hammer > --- INVENTORY -------- Subdweller Monowheel High-capacity Storage Unit Structural Scanner Subdweller Laser Subdweller Beam Cannon Assault Rifle Mining Laser [Rating: 22] Favorites ----------- Power Ion Engine Engine Ion Engine Propulsion Light Treads Treads Light Treads Utility Medium Storage Unit Device Structural Scanner Storage Medium Storage Unit Weapon Makeshift Hammer Energy Gun Medium Laser Energy Cannon Subdweller Beam Cannon Ballistic Gun Assault Rifle Launcher Grenade Launcher Impact Weapon Makeshift Hammer Build | -11 -10 -10 -10 -8 ------- Run | Yrd Mat Min Sub Mat Slots Evolved 4 | . . . . 4 Power . | . . . . . Propulsion 2 | . . . . 2 Utility 2 | . . . . 2 Weapon . | . . . . . Parts Attached 18 | 7 3 2 2 4 Power 2 | 1 . . 1 . Engine 2 | 1 . . 1 . Core . | . . . . . Reactor . | . . . . . Propulsion 2 | 2 . . . . Treads 2 | 2 . . . . Leg . | . . . . . Wheel . | . . . . . Hover . | . . . . . Flight . | . . . . . Utility 7 | 2 1 1 . 3 Device 5 | 1 . 1 . 3 Storage 2 | 1 1 . . . Processor . | . . . . . Hackware . | . . . . . Protection . | . . . . . Artifact . | . . . . . Weapon 7 | 2 2 1 1 1 Energy Gun 2 | 1 1 . . . Energy Cannon 1 | . . . . 1 Ballistic Gun 1 | 1 . . . . Ballistic Cannon . | . . . . . Launcher 2 | . 1 . 1 . Special Weapon . | . . . . . Impact Weapon 1 | . . 1 . . Slashing Weapon . | . . . . . Piercing Weapon . | . . . . . Special Melee Weapon . | . . . . . Unidentified Prototypes 1 | . . . . 1 Parts Lost 7 | . . 1 1 5 Power 2 | . . . 1 1 Propulsion 2 | . . . . 2 Utility 2 | . . . . 2 Weapon 1 | . . 1 . . Highest Loss Streak 3 | . . 1 1 3 To Critical Strikes . | . . . . . Average Backups 6 | . 3 7 9 7 Power . | . . 1 1 . Propulsion . | . . . . 1 Utility 2 | . . 3 4 2 Weapon 2 | . 1 3 3 4 Tool/Special . | . . . . . Unused Backups 4 | . . . . 4 Power . | . . . . . Propulsion 1 | . . . . 1 Utility 1 | . . . . 1 Weapon 2 | . . . . 2 Tool/Special . | . . . . . Average Slot Usage (%) 94 | . 100 97 91 74 Engine 12 | . 14 14 10 6 Treads 26 | . 28 28 28 14 Device 15 | . 14 14 14 25 Storage 13 | . 14 14 14 9 Energy Gun 4 | . 3 7 . . Ballistic Gun 6 | . 14 7 . . Launcher 7 | . 10 4 9 6 Impact Weapon 7 | . . 6 14 9 Peak Build Rating 22 | 7 7 11 13 22 Average Rating 10 | 5 7 9 11 20 On Entrance 7 | . 7 7 10 13 Avg Prop Armor Cover (%) . | . . . . . Naked Turns . | . . . . . Heaviest Build 27 | 15 21 22 27 27 Greatest Support 40 | 40 40 40 40 40 Greatest Overweight (x) 1 | . . . . 1 Average Overweight (x) . | . . . . . Largest Inventory Capacity 10 | 8 10 10 10 10 Average Capacity 9 | 7 9 10 10 10 Most Carried 10 | 1 6 9 10 8 Average Carried 6 | . 3 7 9 7 Final Capacity 10 | 8 10 10 10 10 Final Carried 9 | 1 6 8 9 7 Class Distribution -------------------- 100% | Mutant Dominant Class ---------------- Mutant | -10/Materials Mutant | -10/Mines Mutant | -10/Subcaves Mutant | -8/Materials Resources | -11 -10 -10 -10 -8 ----------- Run | Yrd Mat Min Sub Mat Matter Collected 674 | 223 53 177 67 154 Remotely . | . . . . . Salvage Created 479 | 94 73 63 95 154 Parts 29 | 7 14 1 5 2 Haulers Intercepted . | . . . . . Recyclers Shooed . | . . . . . Parts Field Recycled . | . . . . . Retrieved Matter . | . . . . . Parts Self-Destructed 9 | . . . 9 . Prevented . | . . . . . Parts Restored . | . . . . . Kills | -11 -10 -10 -10 -8 ------- Run | Yrd Mat Min Sub Mat Combat Hostiles Destroyed 14 | . 4 2 5 3 Melee 2 | . . . . 2 AOE 10 | . 4 1 5 . Classes Destroyed 8 | 2 4 . 2 . Builder 1 | . 1 . . . Tunneler 3 | 3 . . . . Recycler 1 | 1 . . . . Watcher 2 | . 2 . . . Swarmer 3 | . 3 . . . Grunt 6 | . 1 2 . 3 Sentry 1 | . . . 1 . Subdweller 4 | . . . 4 . Best Kill Streak 4 | 2 4 1 3 3 Combat Bots Only 3 | . 3 1 3 3 Max Kills in Single Turn 2 | 1 2 1 1 1 Gunslinging . | . . . . . Exploded 1 | . 1 1 1 . Melee 1 | . . . . 1 Uniques/NPCs Destroyed . | . . . . . Combat | -11 -10 -10 -10 -8 -------- Run | Yrd Mat Min Sub Mat Hostile Shots Fired 81 | . 13 14 14 40 Missed 20 | . 2 2 4 12 Hits 61 | . 11 12 10 28 Projectile 61 | . 11 12 10 28 Damage Taken 865 | . 132 190 204 339 Core 135 | . 6 48 38 43 Absorbed by Shields . | . . . . . Core Remaining (%) 81 | 100 . . 63 . Volleys Fired 39 | 13 10 2 12 2 Largest 2 | 2 2 1 1 1 Hottest 80 | 70 70 30 40 80 Shots Fired 52 | 26 11 2 12 1 Gun 31 | 26 5 . . . Cannon 1 | . . . . 1 Launcher 20 | . 6 2 12 . Special . | . . . . . Kinetic 29 | 13 4 . 12 . Thermal 15 | 13 1 . . 1 Explosive 8 | . 6 2 . . Electromagnetic . | . . . . . Robot Hit Streak 10 | 10 7 2 9 5 Robot Miss Streak 2 | 2 1 . 1 . Penetration Max . | . . . . . Secondary Targets . | . . . . . Shots Hit Robots 49 | 19 4 7 11 8 Core Hits 23 | 5 7 1 9 1 Critical Kills . | . . . . . Critical Parts Destroyed 2 | . . . . 2 Critical Strikes 3 | 1 . . . 2 Burn 1 | 1 . . . . Smash 2 | . . . . 2 Melee Attacks 24 | . . 10 . 14 Impact 24 | . . 10 . 14 Slashing . | . . . . . Piercing . | . . . . . Sneak Attacks . | . . . . . Combat Hostiles . | . . . . . Follow-up Attacks . | . . . . . Damage Inflicted 2122 | 239 307 378 824 374 Guns 276 | 239 37 . . . Cannons 25 | . . . . 25 Explosions 1223 | . 270 129 824 . Melee 594 | . . 245 . 349 Ramming 4 | . . 4 . . Kinetic 975 | 126 25 . 824 . Thermal 150 | 113 12 . . 25 Explosive 399 | . 270 129 . . Electromagnetic . | . . . . . Impact 594 | . . 245 . 349 Slashing . | . . . . . Piercing . | . . . . . Highest Corruption . | . . . . . Average Corruption . | . . . . . Corruption Purged . | . . . . . Corruption Blocked . | . . . . . Overload Shots . | . . . . . Overflow Damage 231 | . 20 44 16 151 Projectiles . | . . . . . Explosions 36 | . 20 . 16 . Melee 195 | . . 44 . 151 Knockbacks 3 | . . 1 . 2 Impact 3 | . . 1 . 2 Kinetic . | . . . . . Secondary . | . . . . . Self-Inflicted Damage 36 | . 36 . . . Shots 2 | . 2 . . . Rammed 1 | . . 1 . . Targets Rammed 1 | . . 1 . . Kicked . | . . . . . Crushed . | . . . . . Highest Temperature 72 | 72 9 4 . 37 Average Temperature 23 | 26 4 4 . 21 Received Heat Transfer 249 | . 12 108 21 108 Siege Activations . | . . . . . Martial Activations . | . . . . . Shielding Activations . | . . . . . Robots Disrupted . | . . . . . Combat Hostiles . | . . . . . Robots Corrupted 2 | . . 1 . 1 Combat Hostiles 2 | . . 1 . 1 Parts Fried 1 | . . . . 1 Impact Corruptions 6 | . . 3 . 3 Robots Melted . | . . . . . Combat Hostiles . | . . . . . Parts Melted 3 | 3 . . . . Heat Transferred 481 | 407 37 . . 37 Parts Sabotaged . | . . . . . Parts Stolen . | . . . . . Parts Stripped . | . . . . . Power Chain Reactions . | . . . . . Alert | -11 -10 -10 -10 -8 ------- Run | Yrd Mat Min Sub Mat Maximum Alert Level . | . . . . . Low Security (%) 100 | 100 100 100 . 100 Level 1 . | . . . . . Level 2 . | . . . . . Level 3 . | . . . . . Level 4 . | . . . . . Level 5 . | . . . . . High Security . | . . . . . Max Security . | . . . . . Peak Influence 86 | 10 86 50 . 40 Initial 9 | . . 9 . . Average 12 | 1 36 4 . 6 Influence Increases 367 | 20 189 68 20 70 Destroy 0b10 Robot/C 200 | . 80 40 20 60 Destroy 0b10 Robot/NC 35 | 20 15 . . . Destroy Leader 44 | . 24 10 . 10 Successful Hack 14 | . 14 . . . Disable Machine 15 | . 15 . . . Destroy Structure 59 | . 41 18 . . Influence Decreases 367 | 20 164 83 30 70 Entered New Map 22 | . . 16 6 . Time Decay 295 | 20 164 57 24 30 Lost Part 50 | . . 10 . 40 Squads Dispatched 1 | . 1 . . . Investigation . | . . . . . Extermination . | . . . . . Reinforcement 1 | . 1 . . . Assault . | . . . . . Garrison . | . . . . . Intercept . | . . . . . Searches Triggered . | . . . . . Construction Impeded . | . . . . . Haulers Reinforced . | . . . . . Active Scanning Responses . | . . . . . Cargo Convoy Interrupts . | . . . . . Stealth | -11 -10 -10 -10 -8 --------- Run | Yrd Mat Min Sub Mat Distress Signals 1 | . 1 . . . Communications Jammed . | . . . . . Distress Signals . | . . . . . Times Spotted 19 | . 8 2 5 4 Peak Tracking Total 3 | . 3 2 2 3 Tactical Retreats . | . . . . . Traps | -11 -10 -10 -10 -8 ------- Run | Yrd Mat Min Sub Mat Traps Triggered . | . . . . . Indirectly . | . . . . . Trap Hack Attempts . | . . . . . Triggered . | . . . . . Disarmed . | . . . . . Reprogrammed . | . . . . . Reused . | . . . . . Traps Extracted . | . . . . . Installed . | . . . . . Triggered . | . . . . . Machines | -11 -10 -10 -10 -8 ---------- Run | Yrd Mat Min Sub Mat Machines Disabled 1 | . 1 . . . Max in Single Turn 1 | . 1 . . . Machines Repaired . | . . . . . Machines Dismantled . | . . . . . Machines Sabotaged . | . . . . . Overloaded Fab Kills . | . . . . . Hacking | -11 -10 -10 -10 -8 --------- Run | Yrd Mat Min Sub Mat Machines Accessed 5 | . 3 . 1 1 Terminals 4 | . 3 . . 1 Fabricators . | . . . . . Repair Stations . | . . . . . Recycling Units . | . . . . . Scanalyzers . | . . . . . Garrison Access . | . . . . . Total Hacks 9 | . 4 . 3 2 Successful 6 | . 3 . 3 . Failed 3 | . 1 . . 2 Catastrophic . | . . . . . Database Lockouts . | . . . . . Manual . | . . . . . Terminals 6 | . 4 . . 2 Fabricators . | . . . . . Repair Stations . | . . . . . Recycling Units . | . . . . . Scanalyzers . | . . . . . Garrison Access . | . . . . . Terminal Hacks 6 | . 3 . 3 . Record 3 | . . . 3 . Terminal Index 1 | . 1 . . . Locate Traps 1 | . 1 . . . Surveillance Status 1 | . 1 . . . Fabricator Hacks . | . . . . . Repair Station Hacks . | . . . . . Recycling Unit Hacks . | . . . . . Scanalyzer . | . . . . . Garrison Access Hacks . | . . . . . Unauthorized Hacks . | . . . . . Terminals . | . . . . . Fabricators . | . . . . . Repair Stations . | . . . . . Recycling Units . | . . . . . Scanalyzers . | . . . . . Garrison Access . | . . . . . Data Cores Recovered . | . . . . . Used . | . . . . . Hacking Detections 4 | . 3 . . 1 Full Trace Events . | . . . . . Feedback Events . | . . . . . Feedback Blocked . | . . . . . Robot Schematics Acquired . | . . . . . Robots Built . | . . . . . Authchips . | . . . . . Time . | . . . . . Total Robot Build Rating . | . . . . . Part Schematics Acquired . | . . . . . Parts Built . | . . . . . Authchips . | . . . . . Time . | . . . . . Total Part Build Rating . | . . . . . Part Studies Acquired . | . . . . . Parts Repaired . | . . . . . Time . | . . . . . Parts Recycled . | . . . . . Recycled Matter . | . . . . . Retrieved Matter . | . . . . . Retrieved Components . | . . . . . Parts Scanalyzed . | . . . . . Part Schematics Acquired . | . . . . . Parts Damaged . | . . . . . Bothacking | -11 -10 -10 -10 -8 ------------ Run | Yrd Mat Min Sub Mat Used RIF Installer . | . . . . . Robots Hacked . | . . . . . Non-combat . | . . . . . Combat . | . . . . . Robot Hacks Applied . | . . . . . Relay Couplers Released . | . . . . . Fabnet Peak Effective % . | . . . . . Robots Rewired . | . . . . . Allies Hacked . | . . . . . Hacks Repelled . | . . . . . Allies | -11 -10 -10 -10 -8 -------- Run | Yrd Mat Min Sub Mat Total Allies . | . . . . . Largest Group . | . . . . . Highest-Rated Group . | . . . . . Highest-Rated Ally . | . . . . . Total Orders . | . . . . . Ally Attacks . | . . . . . Total Damage . | . . . . . Kills . | . . . . . Allies Corrupted . | . . . . . Allies Melted . | . . . . . Intel | -11 -10 -10 -10 -8 ------- Run | Yrd Mat Min Sub Mat Active Infowar (turns) 2135 | 21 449 1013 399 253 Sensors 239 | . . . . 239 Structural 1210 | . . 575 399 236 Seismic 1161 | 21 449 438 . 253 Robot Analysis Total . | . . . . . Derelict Logs Recovered 4 | . . 3 1 . Drone Launches . | . . . . . Drone Recoveries . | . . . . . Exploration | -11 -10 -10 -10 -8 ------------- Run | Yrd Mat Min Sub Mat Turns Passed 2264 | 150 449 1013 399 253 Spaces Moved 1249 | 64 261 603 230 91 Core 2 | 2 . . . . Treads 1247 | 62 261 603 230 91 Legs . | . . . . . Wheels . | . . . . . Hover . | . . . . . Flight . | . . . . . Fastest Speed 50 | 50 160 160 160 160 Average Speed 161 | 156 160 160 160 177 Slowest Speed 240 | 160 160 160 160 240 Overloaded Moves . | . . . . . Propulsion Burnouts . | . . . . . Robots Hopped . | . . . . . Potential Cave-ins . | . . . . . Cave-ins Triggered . | . . . . . Exploration Rate (%) 34 | 5 38 101 21 9 Regions Visited 4 Branch Regions 2 Pre-discovered Areas 2 | . . 2 . . Known Exits Taken 1 | . . . 1 . Unknown Exits Taken 3 | 1 1 1 . . Scrap Searched 1 | . . 1 . . Spaces Dug 2 | . . 2 . . Terrain Destroyed 164 | . 41 20 103 . Melee 2 | . . 2 . . Projectile . | . . . . . AOE 162 | . 41 18 103 . Terrain Rammed . | . . . . . Walls Destroyed . | . . . . . Machines Disabled . | . . . . . Actions | -11 -10 -10 -10 -8 --------- Run | Yrd Mat Min Sub Mat Total 1418 | 84 281 639 249 165 Wait 73 | . 2 16 2 53 Move 1245 | 63 260 602 229 91 Hop . | . . . . . Pick Up 12 | 1 5 3 3 . Fast Attach 8 | 7 . . 1 . Attach 6 | . . 2 1 3 Detach 1 | . . 1 . . Swap 6 | . 3 1 . 2 Drop 3 | . 1 1 1 . Fire 39 | 13 10 2 12 2 Melee 24 | . . 10 . 14 Ram . | . . . . . Kick . | . . . . . Crush 1 | . . 1 . . Escape Stasis . | . . . . . Rewire . | . . . . . Trap . | . . . . . Miscellaneous . | . . . . . Route ------- -11/Scrapyard -10/Materials -10/Mines (discovered 3 exits: [*Mat x2] / *Sub) -10/Subcaves (discovered 4 exits: *Mat x2 / Rec / [*Scr]) -8/Materials (discovered 2 exits: Fac / Sto) History --------- Turn | Location | Event 37 | -11/Scrapyard | Discovered new exit (range 15) 151 | -11/Scrapyard | Entered Materials 312 | -10/Materials | Build established: Mutant 473 | -10/Materials | Discovered new exit (range 7) 600 | -10/Materials | Entered Mines 752 | -10/Mines | Learned location of Zion (-7) 818 | -10/Mines | Found a damaged Exp. Sensor Array with a note attached 821 | -10/Mines | Found Prototype Device 887 | -10/Mines | Learned 8 Materials zone layouts 1105 | -10/Mines | A weapon hastily lodged in a ceiling crevice suddenly fell to the ground 1150 | -10/Mines | Discovered new exit (range 8) 1280 | -10/Mines | Discovered new exit (range 16) 1322 | -10/Mines | Learned location of Storage (-8) 1603 | -10/Mines | Discovered new exit (range 7) 1613 | -10/Mines | Entered Subcaves 1614 | -10/Subcaves | Approached by a straggling Scientist 1653 | -10/Subcaves | Visited Clippyterm 1658 | -10/Subcaves | Identified exit to Materials 1658 | -10/Subcaves | Identified exit to Recycling 1709 | -10/Subcaves | Shifting Twisted Machinery released Sub. Laser 1712 | -10/Subcaves | Shifting Twisted Machinery released Sub. Shrapnel Launcher 1736 | -10/Subcaves | Ambushed by Subdweller buried in earth 1845 | -10/Subcaves | Scientist uncovered a shortcut to Scraptown 1881 | -10/Subcaves | Learned Materials emergency access door positions 1897 | -10/Subcaves | Ambushed by Subdweller buried in earth 2012 | -10/Subcaves | Entered Materials 2012 | -8/Materials | Evolved 4 slots: Propulsion x2, Utility x2 2013 | -8/Materials | Identified exit to Factory 2013 | -8/Materials | Identified exit to Storage 2013 | -8/Materials | Identified Exp. Sensor Array 2242 | -8/Materials | Lost 3 parts (1p1n1u) 2265 | -8/Materials | Self-destructed Last Messages --------------- 02205_ G-50 Soldier suffers critical hit (Smash). 02205_ Destroyed Adv. Heat Sink. 02205_ G-50 Soldier system corrupted by crushing effect. 02206_ Lgt. Ion Engine destroyed. 02207_ G-50 Soldier destroyed. 02211_ Structural Scanner destroyed. 02219_ G-47 Trooper suffers critical hit (Smash). 02219_ Destroyed Imp. Heat Sink. 02219_ G-47 Trooper system corrupted by crushing effect. 02219_ G-47 Trooper knocked back. 02220_ G-47 Trooper system terminally corrupted. 02221_ Acquired 41 matter. 02221_ Acquired 53 matter. 02226_ Acquired 60 matter. 02241_ K-01 Serf collects debris. 02247_ K-01 Serf cleans the Atomic Centrifuge. 02252_ Exp. Sensor Array destroyed. 02254_ K-01 Serf collects debris. 02265_ K-01 Serf cleans the Atomic Centrifuge. 02265_ Lgt. Treads destroyed. Map ----- +----------------------------------------------------+ | ?????????????????????????####+######### | | ?????????????????????????#??# #???? | | ?????????????????????????#??# "" #???? | | ?????????????????????????#??# """#???? | | ?????????????????????????#### R"#???? | | ?????????????????????????+ + """#???? | | ?????????????????????????#### #???? | | ?????????????????????????#??# #???? | | ????????????????????????????########### | | ??????????# #?????????????????? | | ########### #?????????????????? | | # # #######???????????? | | # ##+##############???????????? | | # # ???????????? | | # """ + ???????????? | | # """ # ????????????? | | # """ # ? ##????????? | | # """ # ? ##????????? | | # # """k """ """ ##????????? | | #### ###### """ """ """ ######????? | | ???###???## """ %""" """ ######????? | | ?????????## ????? | | ########### r ????? | | ########### ???? | | ## # ???? | | ## """" # @ ???? | | ## """" # ###############?????????? | | ## """" # # ##### ?????????? | | ## # # """ ##?????????????? | | ## """" #= # """ ##?????????????? | | ## """" T + + """ ##?????????????? | | ## """" " #[ # ##?????????????? | | ## # #"" """ ##?????????????? | | ########### #"Y """ ##?????????????? | | ####### #"" """ ##?????????????? | | ?????## + ##?????????????? | | ?????## ###########?????????????? | | ?????#######+############?????????????? | | ?????#### ##???????????????????? | | ???????## """ ##???????????????????? | | ???????## """ ##???????????????????? | | ???????## """ ##???????????????????? | | ???????## ##???????????????????? | | ???????##| """ ##???????????????????? | | ???????## """ ! ##???????????????????? | | ???????## """ ##???????????????????? | | ???????## ##???????????????????? | | ???????############???????????????????? | | ???????############???????????????????? | | ??????????????????????????????????????? | +----------------------------------------------------+ Best States ------------- Heat Dissipation 31 Energy Generation 10 Energy Capacity 250 Matter Stores 300 Matter Capacity 300 Sight Range 16 Robot Scan Range 20 Terrain Scan Density 10 Evasion (%) 40 Recoil Reduction 2 Item Schematics ----------------- None Robot Schematics ------------------ None Fabricated ------------ Nothing Repaired ---------- Nothing Studied --------- None Alien Tech Used ----------------- None Achievements -------------- Do Not Disturb For Emergencies Only Nice Directions, Buddy Overwhelming Challenges ------------ None Game ------ Seed NetworkLegLauncher Manual? 0 Play Time 00:21:53 Cumulative 197.1 hours Start 2025.12.03 @ 07:50:33 End 2025.12.03 @ 08:11:55 Sessions 1 Manual Loads 0 Difficulty Rogue Special Mode None Game No. 178 Rogue 178 Adventurer 0 Explorer 0 Win Type - Total 0 Types 0/0/0/0/0/0/0/0/0/0 Lore% 26 Gallery% 40 Achievement% 22 Wizard Run 0 Options --------- Layout 0 ASCII 1 Keyboard 0 Movement Mouse Keybinds 0 Fullscreen 1 Font 18/SmallcapsGlow Map View 76x50 Zoom Use 0% Tactical HUD 1 Map Filters NONE Filters NONE Steam 1 RUN: ebe8cdb6-95f9-4465-a6f1-c7f9feec9b89